Map: Rooftop Terrace

Players

louis

  • Race: Zerg Zerg
  • Spawn Location: 11:00

mmdan

  • Race: Protoss Protoss
  • Spawn Location: 12:00

ppm

  • Race: Terran Terran
  • Spawn Location: 12:00

Metasapien

  • Race: Zerg Zerg
  • League: Platinum
  • Spawn Location: 1:00

ProfessorG

  • Race: Zerg Zerg
  • Spawn Location: 7:00

Takand

  • Race: Zerg Zerg
  • League: Platinum
  • Spawn Location: 6:00

Carlin

  • Race: Terran Terran
  • League: Diamond
  • Spawn Location: 5:00

Ali

  • Race: Protoss Protoss
  • Spawn Location: 6:00

VOD

Have the link to the VOD?

Description

Time

  • Played on: Sept. 23, 2017, 6 a.m.
  • Length: 22:39
Show
View Real Time Build Order
Export as new Build Order

louis Zerg 

Build Orders: Hatch First, Lurkers 

Get SALT Encoding   

  12  0:02  Drone  
  13  0:08  Drone  
  14  0:21  Overlord  
  14  0:28  Overlord, Extractor  
  13  0:36  Overlord  
  13  0:40  Drone  
  14  0:46  Drone  
  15  0:57  Drone  
  16  1:07  Drone  
  17  1:20  Drone  
  18  1:26  Hatchery  
  17  1:48  Drone x2  
  17  1:49  Spawning Pool  
  18  1:55  Extractor  
  18  1:58  Drone  
  18  2:25  Extractor  
  18  2:28  Extractor  
  16  2:36  Queen  
  18  2:40  Lair  
  18  2:43  Zergling x4  
  18  2:44  Zergling x2  
  21  2:48  Zergling x2  
  22  2:58  Zergling x2  
  23  3:04  Metabolic Boost  
  23  3:06  Zergling x2  
  23  3:07  Zergling x4  
  26  3:19  Zergling x4  
  28  3:27  Drone  
  29  3:40  Drone  
  29  3:41  Drone  
  31  3:44  Drone  
  32  3:52  Drone  
  33  3:57  Queen  
  35  4:20  Drone x2  
  35  4:21  Drone x2, Spire  
  35  4:23  Drone  
  39  4:41  Drone x4  
  43  4:48  Overlord  
  43  4:54  Overlord  
  43  5:05  Drone  
  44  5:07  Overlord  
  44  5:08  Drone  
  44  5:09  Drone  
  46  5:16  Drone x2  
  46  5:17  Drone  
  46  5:18  Drone  
  50  5:37  Spore Crawler  
  50  5:38  Spore Crawler  
  50  5:39  Spore Crawler  
  47  5:45  Drone  
  47  5:46  Drone  
  47  5:48  Drone  
  50  5:54  Spore Crawler  
  50  5:55  Spore Crawler x2  
  47  5:57  Drone x3  
  47  5:59  Drone  
  47  6:00  Drone  
  52  6:09  Drone x3  
  52  6:10  Drone  
  56  6:35  Zerg Flyer Weapons Level 1  
  56  6:44  Hydralisk Den  
  56  6:45  Drone x4  
  56  6:46  Overlord x2, Drone  
  60  6:56  Evolution Chamber  
  60  6:59  Drone, Evolution Chamber  
  60  7:00  Drone x2  
  61  7:05  Evolution Chamber  
  60  7:10  Overseer  
  60  7:23  Hydralisk x2  
  60  7:24  Hydralisk x3  
  70  7:34  Hatchery  
  69  7:40  Extractor  
  69  7:43  Extractor  
  67  7:46  Hydralisk x4  
  75  7:52  Overlord x4  
  75  8:03  Zergling x2  
  75  8:04  Overlord  
  76  8:14  Lurker Den  
  76  8:16  Zerg Melee Weapons Level 1  
  76  8:17  Zerg Ground Armor Level 1, Zerg Missile Weapons Level 1  
  76  8:20  Hydralisk x2  
  76  8:21  Hydralisk  
  82  8:27  Pneumatized Carapace  
  82  8:32  Burrow  
  60  8:50  Hydralisk x2  
  60  8:51  Mutalisk, Hydralisk  
  60  8:52  Mutalisk x3  
  74  9:01  Drone x4  
  78  9:04  Queen  
  80  9:11  Hydralisk x2  
  80  9:13  Hydralisk  
  80  9:16  Hydralisk  
  88  9:32  Mutalisk x5  
  85  10:06  Hydralisk x6  
  97  10:23  Hydralisk x3  
  97  10:24  Hydralisk  
  97  10:26  Zergling x4  
  107  10:56  Lurker x3  
  110  11:14  Lurker x2  
  112  11:23  Lurker  
  113  11:28  Drone  
  113  11:30  Overlord x5  
  113  11:31  Overlord x3  
  113  11:48  Hydralisk x3  
  109  12:02  Hydralisk x4  
  109  12:08  Zerg Missile Weapons Level 2, Zerg Melee Weapons Level 2  
  117  12:21  Zerg Ground Armor Level 2  
  117  12:26  Drone x6  
  117  12:27  Drone x2  
  125  12:42  Lurker x2  
  113  12:55  Lurker x3  
  113  12:56  Hydralisk  
  116  13:00  Hatchery  
  116  13:03  Extractor  
  116  13:04  Extractor  
  63  13:50  Hydralisk x2  
  63  13:51  Hydralisk x6  
  63  13:52  Hydralisk  
  77  14:15  Hydralisk x4  
  77  14:16  Hydralisk x2  
  80  14:30  Zergling x4  
  75  14:44  Drone  
  75  14:45  Drone x2  
  78  14:49  Hatchery  
  79  15:00  Lurker x7  
  79  15:01  Lurker  
  85  15:22  Queen  
  87  16:01  Queen  
  89  16:25  Hydralisk x3  
  95  16:37  Hydralisk x3  
  64  17:09  Hydralisk x6  
  64  17:10  Hydralisk x2  
  80  17:28  Hatchery  
  80  17:29  Hatchery  
  78  17:39  Infestation Pit  
  77  18:15  Hatchery  
  76  18:29  Hydralisk x4  
  76  18:30  Hydralisk x5  
  60  18:59  Drone x3  
  60  19:00  Drone x3  
  56  19:36  Zergling x8  
  56  19:37  Zergling x8  
  60  19:53  Hydralisk x3  
  60  19:56  Hydralisk  
  66  20:27  Zergling x14  
  66  20:28  Zergling x4  
  72  20:39  Lurker x4  
  72  20:40  Lurker  
  77  20:43  Drone x3  
  65  21:12  Hydralisk x6  
  65  21:13  Hydralisk x3  
  57  21:35  Drone  
  57  21:36  Drone x5  
  61  21:56  Hydralisk x2  
  61  21:57  Hydralisk x3  
  61  22:00  Hydralisk  
Show
View Real Time Build Order
Export as new Build Order

mmdan Protoss 

Build Orders:  

Get SALT Encoding   

  12  0:07  Probe (Chrono Boost)  
  13  0:18  Probe (Chrono Boost)  
  13  0:19  Pylon  
  15  0:28  Probe (Chrono Boost)  
  15  0:39  Probe (Chrono Boost)  
  16  0:47  Forge  
  16  0:49  Probe (Chrono Boost)  
  17  0:54  Assimilator  
  17  1:00  Probe (Chrono Boost), Assimilator  
  18  1:10  Probe (Chrono Boost)  
  19  1:12  Pylon  
  19  1:27  Photon Cannon  
  19  1:30  Probe (Chrono Boost)  
  20  1:36  Gateway  
  20  1:50  Photon Cannon  
  20  1:57  Pylon  
  20  2:05  Probe (Chrono Boost)  
  20  2:07  Pylon  
  22  2:15  Probe (Chrono Boost)  
  22  2:26  Probe (Chrono Boost)  
  23  2:33  Photon Cannon  
  23  2:37  Probe (Chrono Boost)  
  24  2:46  Cybernetics Core  
  24  2:47  Probe (Chrono Boost)  
  25  2:58  Probe (Chrono Boost)  
  26  3:08  Probe (Chrono Boost)  
  27  3:19  Probe (Chrono Boost)  
  28  3:23  Nexus  
  28  3:27  Assimilator  
  28  3:29  Probe (Chrono Boost)  
  28  3:33  Assimilator  
  29  3:40  Probe (Chrono Boost)  
  30  3:45  Protoss Air Weapons Level 1 (Chrono Boost)  
  30  3:50  Probe (Chrono Boost)  
  30  3:53  Photon Cannon  
  31  3:59  Pylon  
  31  4:11  Probe (Chrono Boost)  
  32  4:22  Probe (Chrono Boost)  
  33  4:29  Nexus  
  33  4:32  Probe (Chrono Boost)  
  33  4:33  Assimilator  
  33  4:37  Assimilator  
  34  4:44  Pylon  
  34  4:54  Probe x2 (Chrono Boost)  
  36  5:04  Probe x2 (Chrono Boost)  
  38  5:16  Mothership Core  
  40  5:31  Stargate x2  
  40  5:35  Probe, Photon Cannon  
  40  5:38  Pylon  
  41  5:46  Probe x2  
  43  5:56  Probe  
  43  6:00  Pylon  
  44  6:12  Robotics Facility  
  44  6:16  Stargate  
  44  6:24  Fleet Beacon  
  44  6:28  Photon Cannon  
  44  6:45  Protoss Air Armor Level 1 (Chrono Boost)  
  44  6:46  Pylon  
  44  6:53  Pylon  
  44  7:04  Observer (Chrono Boost)  
  45  7:09  Carrier (Chrono Boost)  
  45  7:15  Carrier (Chrono Boost)  
  57  7:24  Observer  
  58  7:31  Carrier (Chrono Boost)  
  64  7:45  Observer  
  71  8:06  Observer  
  72  8:25  Graviton Catapult  
  72  8:26  Carrier (Chrono Boost)  
  78  8:28  Observer  
  79  8:35  Carrier (Chrono Boost)  
  79  8:38  Protoss Air Weapons Level 2  
  85  9:04  Observer  
  85  9:08  Carrier (Chrono Boost)  
  92  9:24  Pylon  
  92  9:40  Carrier (Chrono Boost)  
  92  9:41  Pylon  
  92  9:43  Pylon  
  98  9:46  Pylon  
  92  10:19  Photon Cannon  
  92  10:21  Probe  
  92  10:25  Carrier (Chrono Boost)  
  99  10:33  Carrier (Chrono Boost)  
  105  10:35  Probe  
  105  10:54  Protoss Air Armor Level 2  
  111  11:12  Carrier (Chrono Boost)  
  117  11:40  Carrier (Chrono Boost)  
  117  12:00  Carrier (Chrono Boost)  
  123  12:26  Carrier (Chrono Boost)  
  66  13:25  Carrier x2 (Chrono Boost)  
  78  13:41  Carrier (Chrono Boost)  
  84  13:43  Protoss Air Armor Level 3  
  84  13:49  Mothership Core  
  98  14:47  Carrier x2 (Chrono Boost)  
  104  15:12  Carrier (Chrono Boost)  
  110  15:23  Nexus  
  109  16:01  Nexus  
  109  16:04  Assimilator  
  109  16:08  Assimilator  
  109  16:11  Pylon  
  109  16:14  Pylon  
  109  16:16  Pylon  
  109  16:24  Carrier (Chrono Boost)  
  121  16:29  Carrier (Chrono Boost)  
  85  17:42  Probe  
  86  17:54  Probe  
  87  17:59  Probe  
  88  18:06  Nexus  
  88  18:07  Probe  
  88  18:11  Carrier (Chrono Boost), Probe  
  96  18:17  Assimilator  
  96  18:19  Probe, Pylon  
  97  18:23  Probe  
  97  18:24  Pylon  
  98  18:31  Probe  
  99  18:35  Probe  
  99  18:48  Probe  
  106  18:55  Carrier (Chrono Boost)  
  106  19:07  Photon Cannon  
  106  19:21  Photon Cannon  
  106  19:37  Photon Cannon  
  74  20:12  Carrier (Chrono Boost)  
  80  20:18  Pylon  
Show
View Real Time Build Order
Export as new Build Order

ppm Terran 

Build Orders: Command Center First (CC), MMM Bio 

Get SALT Encoding   

  12  0:07  SCV  
  13  0:19  SCV  
  14  0:29  Supply Depot  
  14  0:31  SCV  
  15  0:51  SCV  
  16  1:03  Command Center  
  16  1:08  SCV  
  17  1:23  Barracks  
  17  1:24  SCV  
  18  1:34  Barracks  
  18  1:36  SCV  
  19  1:49  Barracks  
  19  1:52  SCV  
  20  2:04  SCV  
  21  2:12  Supply Depot  
  21  2:15  Marine  
  21  2:20  SCV  
  23  2:26  SCV  
  24  2:32  Marine  
  24  2:33  Marine  
  26  2:38  SCV  
  26  2:40  Marine  
  28  2:48  SCV  
  28  2:50  SCV, Marine  
  28  2:51  Marine  
  31  2:54  Refinery  
  32  3:02  Barracks  
  32  3:03  SCV  
  32  3:05  SCV  
  34  3:10  Marine  
  34  3:11  Marine  
  36  3:15  SCV  
  36  3:17  SCV  
  38  3:29  Refinery  
  38  3:30  SCV  
  40  3:37  Orbital Command  
  39  3:42  Orbital Command  
  39  3:46  Marine x2  
  41  3:49  Barracks Tech Lab  
  41  3:51  Barracks Reactor  
  41  4:21  Barracks Reactor  
  41  4:38  Barracks  
  41  4:47  Stimpack  
  41  4:55  SCV  
  41  4:57  SCV  
  43  5:05  Refinery  
  43  5:07  SCV  
  43  5:08  Refinery  
  43  5:09  SCV  
  45  5:19  SCV  
  46  5:22  SCV  
  47  5:31  SCV  
  47  5:34  SCV  
  49  5:40  Barracks Tech Lab  
  49  5:42  Marauder, Marine  
  51  5:43  Marine x2  
  54  5:51  SCV x2, Marine x2  
  54  5:54  Factory  
  58  6:00  Marine x3  
  58  6:02  Supply Depot  
  58  6:03  SCV  
  62  6:06  Supply Depot  
  62  6:23  Combat Shields  
  62  6:24  Marauder, SCV, Marine x5  
  70  6:37  Marine  
  71  6:42  Marine x5  
  71  6:45  Starport  
  71  6:46  Marauder  
  78  6:48  Concussive Shells  
  78  6:55  Marine  
  78  6:59  Armory, Marine x5  
  84  7:07  Marine  
  85  7:09  Factory Tech Lab  
  85  7:13  Marine  
  86  7:17  Marine x5  
  86  7:22  Supply Depot  
  91  7:24  Supply Depot  
  91  7:25  Supply Depot  
  91  7:27  Supply Depot  
  91  7:46  Starport Tech Lab  
  91  7:47  Armory  
  91  7:53  Starport  
  91  8:00  Terran Vehicle Weapons Level 1  
  91  8:06  Command Center  
  91  8:17  Marine x6  
  97  8:24  Raven  
  99  8:27  Recalibrated Explosives  
  99  8:31  Starport  
  99  8:35  Armory  
  99  8:38  Terran Vehicle And Ship Armor Level 1  
  99  8:56  Marine x5  
  99  8:57  Marine x2  
  99  9:02  Starport Tech Lab  
  106  9:07  Raven  
  106  9:08  Starport  
  108  9:14  Marine x4  
  112  9:22  Starport Tech Lab  
  112  9:23  Engineering Bay  
  112  9:25  Raven  
  114  9:45  Corvid Reactor  
  114  9:46  Starport, SCV  
  114  9:49  Engineering Bay  
  114  9:52  Missile Turret  
  115  9:58  SCV  
  116  10:10  SCV  
  116  10:12  Missile Turret  
  116  10:13  Marine  
  116  10:14  Marine x6  
  119  10:19  Raven x3  
  130  10:22  SCV  
  131  10:29  Terran Vehicle Weapons Level 2, Fusion Core  
  131  10:31  Marine x2  
  131  10:32  Marine x2  
  131  10:33  Missile Turret, Terran Infantry Weapons Level 1  
  131  10:34  Terran Infantry Armor Level 1, SCV  
  71  10:53  Marauder x2  
  71  10:54  Missile Turret  
  75  10:58  SCV  
  76  11:08  SCV  
  76  11:10  SCV  
  78  11:13  Marine  
  78  11:14  Marine x3  
  78  11:15  Missile Turret, Marauder x2  
  86  11:20  Terran Ship Weapons Level 1, SCV  
  86  11:22  SCV  
  88  11:32  SCV  
  88  11:35  Marine x3  
  88  11:36  Marauder x2  
  88  11:37  Missile Turret  
  96  11:44  Marine x2  
  96  11:45  SCV  
  99  11:57  Marauder x2  
  103  12:12  Marine x4  
  103  12:13  Marine  
  108  12:19  Marauder x2  
  106  12:30  Marine x5  
  111  12:40  Starport Tech Lab, Marauder x2  
  111  12:43  Starport Tech Lab  
  115  12:44  Medivac x3  
  115  12:48  Marine x3  
  115  12:50  Marine  
  115  12:51  Marine  
  126  12:56  Weapon Refit  
  122  13:00  Terran Infantry Weapons Level 2  
  122  13:01  Marauder x2  
  126  13:06  Terran Infantry Armor Level 2, Marine x2  
  128  13:14  Medivac x3  
  128  13:15  SCV  
  128  13:18  Refinery  
  135  13:23  Marauder x2  
  135  13:24  Refinery  
  139  13:27  SCV  
  140  13:39  SCV  
  141  13:58  Marauder  
  141  13:59  Marauder, SCV  
  77  14:11  SCV, Marine x5  
  83  14:19  Marauder  
  83  14:21  Marauder  
  81  14:27  Raven x5  
  81  14:28  Marine x2  
  81  14:29  Marine x3  
  96  14:41  Marauder  
  96  14:42  Marauder  
  100  14:46  Marine x2  
  100  14:47  Marine x3  
  105  15:02  Marauder  
  105  15:03  Marauder  
  105  15:04  Marine x4  
  105  15:05  Marine  
  114  15:10  Raven  
  116  15:15  Medivac x3  
  122  15:22  Marine x5  
  122  15:23  Marauder  
  122  15:25  Marauder  
  131  15:40  Marine x5  
  136  15:45  Marauder  
  140  15:57  Marine  
  141  16:13  Marauder  
  141  16:24  Raven x5, Marauder  
  153  16:35  Marauder  
  153  16:46  Marauder  
  92  17:02  Marine  
  92  17:03  Marine  
  92  17:07  Marauder  
  93  17:20  Marine  
  93  17:21  Marine  
  93  17:29  Marauder  
  93  17:37  Marine  
  93  17:39  Marine  
  95  17:50  Marauder  
  97  17:55  Marine  
  97  17:57  Marine  
  99  18:11  Marauder  
  101  18:13  Marine  
  101  18:14  Marine  
  103  18:30  Raven  
  103  18:31  Raven x2, Marine  
  103  18:32  Marine  
  103  18:33  Marauder  
  113  18:42  Raven  
  115  18:49  Marine  
  115  18:50  Marine  
  115  18:54  Marauder  
  119  19:07  Marine  
  119  19:08  Marine  
  121  19:13  Raven x2  
  121  19:16  Marauder  
  127  19:24  Marine  
  127  19:26  Marine  
  129  19:36  Marine  
  130  19:54  Marine  
  121  21:12  Raven x4  
Show
View Real Time Build Order
Export as new Build Order

Metasapien Zerg 

Build Orders: Hatch First 

Get SALT Encoding   

  12  0:05  Drone  
  13  0:30  Drone  
  14  0:37  Hatchery  
  13  0:44  Overlord  
  13  0:49  Drone  
  14  1:05  Drone x2  
  14  1:08  Extractor  
  15  1:12  Drone  
  16  1:21  Spawning Pool  
  16  1:23  Drone  
  16  1:28  Drone  
  17  1:39  Drone  
  18  1:52  Drone  
  19  1:59  Drone  
  19  2:00  Drone  
  21  2:11  Hatchery  
  21  2:12  Overlord  
  20  2:23  Queen  
  22  2:33  Queen  
  22  2:35  Drone  
  25  2:37  Drone  
  25  2:40  Drone  
  25  2:43  Drone  
  28  2:49  Drone  
  29  2:53  Overlord  
  29  2:59  Metabolic Boost  
  29  3:07  Drone x2  
  31  3:14  Overlord  
  31  3:21  Drone x2  
  31  3:22  Drone  
  31  3:23  Drone  
  35  3:28  Queen  
  37  3:35  Lair  
  37  3:43  Extractor  
  37  3:47  Drone x4  
  40  3:51  Drone x2  
  40  3:52  Drone  
  43  3:59  Overlord  
  43  4:00  Overlord  
  43  4:06  Zergling x4  
  43  4:07  Zergling x4  
  47  4:23  Drone x3  
  50  4:25  Drone  
  50  4:26  Drone x3  
  50  4:29  Extractor  
  50  4:30  Extractor  
  50  4:31  Drone x2  
  54  4:36  Drone  
  54  4:37  Overlord  
  55  4:42  Drone  
  55  4:43  Drone  
  55  4:45  Drone  
  58  4:51  Drone x3  
  61  4:53  Drone x2  
  61  4:54  Drone x2  
  61  4:57  Extractor  
  64  5:01  Hydralisk Den  
  64  5:03  Spire  
  64  5:06  Drone  
  63  5:11  Drone  
  64  5:16  Extractor  
  64  5:17  Overlord x2  
  64  5:19  Drone  
  64  5:20  Drone  
  65  5:30  Spore Crawler  
  65  5:33  Drone x5, Spore Crawler  
  65  5:35  Hydralisk x6  
  70  5:36  Hydralisk x2  
  70  5:39  Overlord  
  84  5:44  Spore Crawler  
  80  5:57  Hydralisk  
  80  5:58  Zergling x4  
  80  5:59  Zergling x4, Hydralisk  
  81  6:21  Drone x3  
  81  6:24  Drone  
  81  6:25  Queen  
  85  6:30  Muscular Augments  
  87  6:39  Infestation Pit  
  86  6:41  Drone  
  86  6:46  Pneumatized Carapace  
  87  6:48  Burrow  
  87  6:54  Evolution Chamber  
  87  6:55  Overlord x3  
  87  6:56  Overlord x2  
  87  6:58  Evolution Chamber, Hydralisk x2  
  87  6:59  Hydralisk x2  
  87  7:00  Corruptor  
  87  7:01  Hydralisk  
  97  7:14  Overlord  
  97  7:17  Overlord x2  
  97  7:26  Zerg Missile Weapons Level 1  
  97  7:27  Zerg Ground Armor Level 1  
  97  7:28  Hydralisk  
  99  7:31  Zergling x4  
  99  7:32  Zergling x4  
  103  7:37  Drone  
  103  7:39  Drone  
  103  7:41  Drone  
  103  7:43  Drone x3  
  109  7:45  Drone x2  
  111  8:06  Hive  
  111  8:11  Hydralisk  
  111  8:12  Hydralisk x5  
  117  8:13  Hydralisk x2  
  117  8:14  Zergling x4  
  117  8:15  Zergling x2  
  130  8:22  Drone  
  131  8:28  Overseer  
  131  8:29  Overseer  
  131  8:35  Nydus Network  
  130  8:45  Overlord x2  
  130  8:46  Overlord x4  
  130  8:47  Overlord  
  130  8:49  Hydralisk x3  
  130  8:50  Hydralisk  
  138  9:17  Drone x2  
  140  9:28  Hydralisk x2  
  140  9:29  Hydralisk x3  
  140  9:30  Hydralisk  
  140  9:31  Zergling x4  
  154  9:42  Corruptor x3  
  154  9:43  Corruptor x2  
  164  9:46  Hydralisk  
  164  9:51  Zerg Missile Weapons Level 2  
  166  10:01  Nydus Canal  
  166  10:33  Hatchery  
  146  11:09  Hydralisk  
  146  11:10  Corruptor, Hydralisk x3  
  146  11:11  Corruptor, Hydralisk x2  
  156  11:13  Greater Spire  
  156  11:15  Hydralisk x3  
  156  11:16  Hydralisk x4  
  176  11:22  Zerg Ground Armor Level 2  
  176  11:25  Overlord x2  
  172  12:01  Hydralisk x3  
  138  12:02  Hydralisk  
  138  12:03  Zergling x12  
  138  12:04  Zergling x4  
  108  12:31  Hydralisk x6  
  108  12:32  Hydralisk x2  
  116  12:58  Corruptor  
  116  13:03  Corruptor x3  
  124  13:06  Brood Lord  
  126  13:13  Hydralisk  
  126  13:14  Hydralisk x3  
  126  13:17  Infestor x2  
  126  13:18  Zergling x4  
  140  13:20  Zergling x2, Mutalisk  
  140  13:22  Corruptor x3  
  140  13:23  Corruptor  
  114  14:09  Hydralisk x4  
  94  14:10  Hydralisk x11  
  120  14:18  Brood Lord  
  122  14:29  Hydralisk x2  
  122  14:30  Hydralisk x2  
  122  15:06  Zerg Missile Weapons Level 3  
  122  15:08  Zergling x2  
  122  15:09  Zergling x28  
  122  15:11  Zerg Melee Weapons Level 1  
  137  15:15  Adrenal Glands  
  137  15:20  Zergling x2  
  137  15:21  Zergling x4  
  140  15:26  Zergling x2  
  140  15:27  Zergling x10  
  146  15:28  Zergling x2  
  146  15:29  Zergling x4  
  149  15:52  Hydralisk x6  
  149  15:53  Hydralisk  
  149  15:55  Corruptor  
  149  15:56  Corruptor x2  
  94  16:28  Hydralisk x7  
  94  16:29  Hydralisk x2  
  100  16:44  Brood Lord  
  100  16:53  Brood Lord  
  102  16:56  Zergling x2  
  102  16:57  Zergling x12  
  109  17:13  Zergling x10  
  112  17:37  Hydralisk  
  112  17:38  Zergling x4  
  112  17:39  Zergling x24  
  86  18:18  Zergling x16  
  86  18:19  Zergling x2  
  81  19:04  Zergling x2  
  81  19:05  Zergling x16  
  72  19:54  Zergling x2  
  72  19:55  Zergling x10  
  73  21:40  Hydralisk  
  73  21:41  Hydralisk x4  
  83  21:55  Zergling x4  
  83  22:00  Zergling x2  
Show
View Real Time Build Order
Export as new Build Order

ProfessorG Zerg 

Build Orders: Pool First 

Get SALT Encoding   

  12  0:06  Drone  
  13  0:13  Drone  
  14  0:31  Overlord  
  14  0:38  Spawning Pool  
  13  0:43  Drone  
  14  0:53  Drone x2  
  16  1:09  Drone x2  
  18  1:23  Drone  
  19  1:25  Queen  
  19  1:29  Drone, Extractor  
  21  1:46  Overlord  
  21  1:58  Drone  
  21  2:01  Overlord  
  22  2:19  Drone  
  23  2:25  Drone  
  23  2:27  Hatchery  
  23  2:33  Spine Crawler  
  23  2:35  Drone, Spine Crawler  
  22  2:37  Metabolic Boost  
  22  2:49  Zergling x8  
  26  3:02  Drone  
  26  3:04  Extractor  
  26  3:14  Drone  
  26  3:17  Zergling x6  
  30  3:31  Overlord  
  30  3:36  Drone  
  28  4:09  Lair  
  27  4:10  Queen  
  27  4:11  Drone  
  27  4:12  Drone x2  
  29  4:22  Baneling Nest  
  29  4:23  Spore Crawler  
  27  4:25  Spore Crawler  
  27  4:27  Drone x3  
  27  4:28  Drone, Spore Crawler  
  27  4:30  Drone  
  30  4:43  Zergling x2  
  30  4:44  Zergling x6  
  34  4:50  Drone x2  
  36  5:05  Zergling x4  
  38  5:08  Centrifical Hooks  
  38  5:15  Hydralisk Den  
  38  5:20  Drone  
  38  5:21  Drone, Evolution Chamber  
  39  5:22  Zergling x4  
  39  5:26  Drone x4  
  39  5:27  Drone  
  45  5:32  Overlord  
  45  6:05  Muscular Augments  
  45  6:06  Zerg Melee Weapons Level 1  
  45  6:07  Zergling x8  
  45  6:08  Zergling x2  
  50  6:11  Overlord  
  50  6:12  Overlord  
  50  6:13  Drone x3  
  53  6:35  Hydralisk x2  
  53  6:36  Hydralisk  
  53  6:37  Hydralisk  
  53  6:38  Hatchery  
  60  6:45  Drone x4  
  64  6:48  Drone x2  
  66  6:55  Spine Crawler  
  66  6:58  Spine Crawler  
  64  7:03  Spine Crawler  
  64  7:06  Extractor  
  64  7:07  Spore Crawler  
  61  7:10  Spore Crawler  
  61  7:12  Spore Crawler  
  61  7:15  Drone  
  60  7:17  Drone, Spore Crawler  
  60  7:19  Drone  
  60  7:21  Drone  
  62  7:23  Drone  
  63  7:31  Lurker Den  
  63  7:35  Hydralisk  
  63  7:36  Hydralisk  
  66  7:46  Baneling x4  
  66  7:47  Baneling x6  
  66  7:48  Baneling x2  
  66  7:51  Hydralisk  
  66  7:53  Hydralisk  
  70  8:02  Drone x2  
  70  8:03  Drone x3  
  75  8:10  Extractor  
  74  8:25  Drone x3, Queen  
  79  8:31  Zerg Missile Weapons Level 1  
  79  8:32  Hydralisk  
  81  8:35  Overlord x3  
  80  8:48  Baneling x7  
  75  8:49  Baneling x5  
  75  8:55  Drone x2  
  77  8:59  Hydralisk  
  77  9:00  Hydralisk x2  
  83  9:03  Overlord x2  
  83  9:24  Spore Crawler  
  82  9:25  Spore Crawler  
  82  9:27  Spore Crawler  
  82  9:31  Spine Crawler  
  79  9:32  Spine Crawler  
  79  9:33  Drone x3  
  79  9:37  Hydralisk x2  
  79  9:38  Hydralisk x2  
  83  9:50  Drone x4  
  87  9:56  Spore Crawler  
  87  9:59  Zergling x8  
  90  10:00  Zergling x2  
  91  10:08  Hydralisk x2  
  91  10:10  Hydralisk  
  97  10:15  Drone x2  
  99  10:34  Baneling  
  99  10:35  Baneling x6  
  99  10:36  Baneling x3  
  99  10:37  Hydralisk  
  99  10:38  Hydralisk x4  
  109  10:45  Drone x3  
  112  11:02  Drone  
  113  11:06  Overlord x3  
  113  11:10  Zerg Ground Armor Level 1  
  113  11:13  Zergling x6  
  113  11:14  Zergling x4  
  113  11:15  Zergling x6  
  116  11:45  Drone x2  
  116  11:46  Drone x2  
  120  11:52  Hydralisk x5  
  120  11:53  Hydralisk  
  132  11:55  Baneling x2  
  132  11:56  Baneling x6  
  132  11:57  Baneling x4  
  124  12:11  Hydralisk x6  
  134  12:20  Hydralisk x2  
  108  12:59  Queen  
  104  13:46  Hatchery  
  103  13:55  Hydralisk x5  
  105  13:56  Hydralisk  
  105  14:01  Hydralisk x3  
  105  14:02  Hydralisk x2  
  87  14:49  Hydralisk  
  87  14:50  Hydralisk x5  
  99  14:53  Hydralisk x3  
  99  14:54  Hydralisk x2  
  99  14:59  Queen  
  111  15:00  Drone  
  112  15:18  Drone  
  113  15:26  Hydralisk x3  
  113  15:27  Hydralisk x2  
  123  15:31  Overlord  
  123  15:33  Overlord  
  123  15:40  Extractor  
  120  16:07  Extractor  
  120  16:09  Drone  
  120  16:10  Drone x3  
  123  16:19  Hydralisk x3  
  123  16:20  Hydralisk x4  
  137  16:31  Hydralisk x3  
  143  16:36  Hydralisk x5  
  153  17:01  Overlord x4  
  83  17:53  Hydralisk  
  83  17:54  Hydralisk x5  
  95  18:00  Hydralisk x6  
  95  18:04  Hydralisk  
  109  18:54  Hydralisk x2  
  109  18:55  Hydralisk x3  
  113  19:00  Hydralisk x5  
  127  19:04  Hydralisk  
  109  19:52  Hydralisk x3  
  89  19:53  Hydralisk x6  
  89  19:54  Hydralisk  
  109  20:20  Lurker x4  
  107  20:28  Lurker x4  
  99  20:29  Lurker x6  
  99  20:32  Hydralisk x2  
  99  20:34  Hydralisk  
  105  21:16  Hydralisk x3  
  105  21:17  Hydralisk x3  
Show
View Real Time Build Order
Export as new Build Order

Takand Zerg 

Build Orders: Hatch First 

Get SALT Encoding   

  12  0:01  Drone  
  13  0:13  Overlord  
  13  0:18  Drone  
  14  0:33  Drone x2  
  16  0:39  Drone  
  17  1:01  Drone  
  17  1:02  Hatchery  
  17  1:04  Drone  
  18  1:21  Spawning Pool  
  18  1:23  Drone  
  18  1:25  Drone, Extractor  
  18  1:43  Drone  
  18  1:44  Overlord  
  19  2:12  Queen  
  19  2:15  Queen  
  23  2:21  Drone x2  
  23  2:22  Drone x2  
  27  2:25  Extractor  
  27  2:26  Metabolic Boost  
  27  2:29  Drone  
  27  2:40  Drone  
  27  2:43  Drone  
  29  2:59  Drone x2  
  29  3:00  Drone x2  
  33  3:09  Lair  
  33  3:12  Hatchery  
  32  3:13  Overlord  
  32  3:24  Drone x3  
  32  3:25  Drone  
  36  3:45  Drone x4  
  36  3:46  Drone x2  
  42  3:57  Drone x2  
  44  4:05  Extractor x2  
  44  4:06  Overlord x4  
  42  4:11  Queen  
  44  4:18  Infestation Pit  
  44  4:21  Evolution Chamber  
  44  4:23  Evolution Chamber  
  41  4:24  Spore Crawler  
  41  4:26  Drone x3  
  43  4:33  Drone x3  
  46  4:44  Zergling x2  
  46  4:45  Zergling x10  
  52  4:46  Zergling x2  
  53  4:53  Zerg Ground Armor Level 1  
  53  4:56  Zerg Melee Weapons Level 1  
  53  5:04  Hive  
  53  5:13  Overlord  
  53  5:14  Drone x3  
  53  5:15  Drone  
  57  5:44  Overlord, Drone x4  
  57  5:45  Overlord  
  57  5:46  Overseer x2  
  61  6:00  Hydralisk Den  
  61  6:03  Roach Warren  
  59  6:08  Drone  
  59  6:09  Drone x4  
  64  6:21  Drone x2  
  66  6:28  Adrenal Glands  
  66  6:35  Ultralisk Cavern  
  66  6:36  Drone x4  
  66  6:37  Extractor x2  
  66  6:39  Drone x4  
  71  6:42  Glial Reconstitution  
  71  6:43  Muscular Augments  
  71  6:48  Zerg Ground Armor Level 2  
  71  6:50  Zerg Melee Weapons Level 2  
  71  7:02  Drone  
  72  7:13  Drone x3  
  72  7:14  Overlord x3  
  72  7:15  Drone x2  
  77  7:19  Pneumatized Carapace  
  77  7:23  Overlord x2  
  77  7:27  Chitinous Plating  
  89  7:37  Ultralisk x3  
  89  7:39  Overlord x2  
  95  7:46  Drone x2  
  95  7:49  Zergling x14  
  104  8:09  Overlord x3  
  104  8:15  Overlord x2  
  104  8:31  Hatchery  
  103  8:36  Queen  
  105  8:42  Ultralisk x4  
  105  8:43  Ultralisk  
  135  9:05  Ultralisk x2  
  135  9:06  Zergling x8  
  135  9:07  Zergling x6  
  154  9:12  Extractor x2  
  152  9:21  Zerg Ground Armor Level 3  
  152  9:23  Zergling x2  
  152  9:24  Zergling x8  
  156  9:25  Overlord  
  156  9:26  Overlord  
  157  9:33  Zerg Melee Weapons Level 3  
  157  9:40  Overlord x2  
  157  9:57  Drone x4  
  157  9:59  Ultralisk x2  
  173  10:01  Zergling x6  
  173  10:02  Zergling x2  
  154  10:44  Zergling x2, Ultralisk x3  
  154  10:45  Zergling x24  
  183  11:10  Ultralisk x2  
  183  11:11  Zergling x8  
  195  12:14  Overlord  
  195  12:15  Overlord x2  
  187  12:25  Overlord x2  
  182  12:34  Ultralisk x2  
  194  12:56  Overseer  
  194  13:24  Zerg Missile Weapons Level 1  
  174  13:38  Ultralisk x2  
  174  13:39  Ultralisk x5  
  174  13:40  Ultralisk  
  195  13:48  Zergling x10  
  194  13:56  Ultralisk  
  194  13:57  Zergling x2  
  171  14:20  Zergling x22  
  171  14:21  Zergling x36  
  200  16:06  Hatchery  
  193  16:16  Ultralisk x2  
  193  16:24  Zergling x2, Ultralisk x2  
  193  16:25  Zergling x6  
  195  16:39  Ultralisk  
  200  16:40  Ultralisk x3  
  200  16:41  Zergling x14  
  200  16:42  Zergling x2  
  188  16:47  Ultralisk  
  188  16:48  Zergling x4  
  188  16:49  Zergling x10  
  189  17:01  Ultralisk  
  195  17:16  Overseer  
  177  17:29  Queen  
  167  17:34  Ultralisk x7  
  198  17:37  Zergling x6  
  196  17:57  Ultralisk  
  197  18:08  Extractor  
  196  18:22  Extractor  
  182  19:00  Ultralisk x3  
  200  19:28  Zerg Missile Weapons Level 2  
  200  19:37  Overseer  
  200  19:38  Overseer  
  193  20:57  Roach  
  193  20:58  Roach x2  
Show
View Real Time Build Order
Export as new Build Order

Carlin Terran 

Build Orders:  

Get SALT Encoding   

  12  0:01  SCV  
  13  0:15  SCV  
  14  0:23  Supply Depot  
  14  0:27  SCV  
  15  0:45  SCV  
  15  0:48  Refinery  
  16  0:50  Barracks  
  16  0:57  SCV  
  17  1:09  SCV  
  18  1:21  SCV  
  19  1:37  Orbital Command  
  19  1:38  Marine  
  20  1:46  Supply Depot  
  20  1:55  Command Center  
  20  1:57  Marine  
  21  2:03  SCV  
  22  2:11  Refinery  
  22  2:15  SCV  
  22  2:20  Marine  
  24  2:27  Factory  
  24  2:28  SCV  
  25  2:40  SCV  
  25  2:42  Marine  
  27  2:52  SCV  
  28  3:00  Marine  
  29  3:05  SCV  
  29  3:12  Factory Reactor  
  30  3:15  Starport  
  30  3:16  Orbital Command  
  30  3:24  Marine  
  30  3:25  Supply Depot  
  31  3:33  SCV  
  32  3:43  SCV  
  32  3:45  SCV  
  32  3:47  Supply Depot  
  34  3:59  Viking  
  34  4:00  Viking  
  34  4:02  SCV x2  
  40  4:05  Supply Depot  
  40  4:08  Engineering Bay  
  40  4:12  Factory Reactor  
  40  4:14  Starport, SCV x2  
  42  4:17  Marine  
  43  4:26  SCV x2  
  43  4:29  Supply Depot  
  45  4:37  Viking x2  
  49  4:38  SCV x2  
  51  4:52  SCV x2  
  53  4:59  Bunker, Missile Turret, Supply Depot  
  53  5:00  Bunker  
  53  5:02  Missile Turret  
  53  5:06  SCV  
  54  5:07  SCV  
  54  5:09  Marine  
  56  5:18  SCV  
  56  5:19  SCV  
  58  5:30  Missile Turret, Command Center  
  58  5:32  SCV x2  
  58  5:35  Refinery x2  
  60  5:40  Marine  
  60  5:41  Widow Mine  
  63  5:44  SCV x2  
  63  6:02  Viking x4  
  71  6:08  SCV x2  
  69  6:26  SCV x2  
  69  6:28  Marine  
  69  6:32  Viking x2  
  76  6:46  Missile Turret, Planetary Fortress  
  76  6:47  SCV x2  
  78  6:56  Viking x2  
  78  6:59  Missile Turret, Armory, SCV x2  
  84  7:05  Missile Turret  
  84  7:11  SCV  
  84  7:13  SCV  
  86  7:20  Viking x2  
  90  7:27  Refinery  
  90  7:30  Refinery  
  90  7:33  Missile Turret  
  90  7:34  Viking x2  
  94  7:44  SCV x2  
  94  7:50  Viking x2  
  100  7:58  Terran Ship Weapons Level 1  
  100  8:00  SCV, Supply Depot  
  100  8:01  Starport  
  100  8:02  Starport  
  101  8:07  Supply Depot  
  101  8:10  Supply Depot  
  101  8:12  Supply Depot x2  
  101  8:22  SCV x2, Viking x3  
  101  8:26  Supply Depot  
  109  8:29  Command Center, Supply Depot  
  109  8:50  Starport Reactor x2  
  109  8:59  Viking x4  
  117  9:07  Supply Depot  
  117  9:25  Command Center  
  117  9:26  Command Center  
  117  9:29  Viking  
  117  9:31  Viking x2, Supply Depot  
  119  9:32  Viking x2  
  127  9:51  Viking x3  
  133  9:52  Supply Depot  
  133  9:59  Viking  
  129  10:01  Viking  
  113  10:11  Viking  
  113  10:12  Viking x2  
  119  10:14  Terran Ship Weapons Level 2  
  119  10:16  Supply Depot  
  119  10:21  Viking x2  
  123  10:31  Viking  
  123  10:32  Viking x2  
  129  10:41  Viking  
  129  10:42  Viking  
  133  10:54  Viking x2  
  137  11:08  Viking x3  
  137  11:09  Viking  
  145  11:11  Viking  
  147  11:29  Viking  
  149  11:47  Refinery  
  149  11:48  Missile Turret  
  149  11:49  Refinery  
  149  11:52  Missile Turret  
  149  11:53  Missile Turret  
  147  11:55  Missile Turret  
  147  11:56  Missile Turret  
  147  12:00  Missile Turret  
  144  12:17  Viking x4  
  144  12:18  Viking x2  
  156  12:38  Viking x2  
  160  12:47  Viking x4  
  168  12:59  Viking x2  
  168  13:02  SCV x2  
  170  13:06  Planetary Fortress  
  170  13:08  Viking x2  
  174  13:17  Viking  
  174  13:19  Missile Turret  
  176  13:22  Missile Turret  
  176  13:23  Missile Turret  
  176  13:44  Terran Ship Weapons Level 3  
  162  14:15  Viking x4  
  170  14:29  Viking x4  
  175  14:45  Viking  
  169  14:48  Planetary Fortress  
  169  15:37  Viking x6  
  169  15:38  Viking x2  
  185  16:07  Viking x6  
  185  16:08  Viking  
  199  16:24  Refinery  
  199  16:26  Refinery  
  199  16:29  Missile Turret  
  199  16:32  Missile Turret  
  199  16:35  Missile Turret  
  193  16:50  Missile Turret  
  133  17:13  Viking x5  
  133  17:14  Viking x3  
  121  17:26  Planetary Fortress  
  119  17:35  Missile Turret x2  
  119  17:37  Missile Turret  
  119  17:38  Missile Turret  
  119  17:43  Viking x4  
  127  17:45  Viking x3  
  127  17:46  Viking  
  131  18:13  Viking x4  
  121  18:51  SCV x2  
  121  18:52  SCV x3  
  121  18:54  Viking x6  
  121  18:55  Viking x2  
  170  20:07  Viking x6  
  59  20:08  Viking x2  
  75  20:37  Viking x6  
  75  20:38  Viking x2  
  91  21:07  Viking x6  
  91  21:08  Viking  
Show
View Real Time Build Order
Export as new Build Order

Ali Protoss 

Build Orders: Cannon Rush 

Get SALT Encoding   

  12  0:04  Probe (Chrono Boost)  
  13  0:22  Pylon  
  13  0:26  Probe (Chrono Boost)  
  14  0:37  Probe (Chrono Boost)  
  15  0:48  Forge  
  16  0:50  Probe (Chrono Boost)  
  16  1:00  Probe (Chrono Boost)  
  17  1:17  Probe (Chrono Boost)  
  18  1:27  Photon Cannon  
  18  1:28  Probe (Chrono Boost)  
  18  1:31  Photon Cannon  
  19  1:34  Photon Cannon  
  19  1:39  Photon Cannon  
  19  1:47  Assimilator  
  19  1:54  Assimilator  
  19  1:58  Probe (Chrono Boost)  
  20  2:08  Probe (Chrono Boost), Photon Cannon  
  20  2:14  Gateway  
  21  2:25  Probe (Chrono Boost)  
  22  2:35  Pylon  
  22  2:36  Probe (Chrono Boost)  
  23  3:07  Cybernetics Core  
  23  3:18  Probe (Chrono Boost)  
  24  3:31  Pylon  
  24  3:51  Stargate  
  24  3:57  Stargate  
  24  4:10  Nexus  
  24  4:15  Assimilator  
  24  4:18  Assimilator  
  24  4:27  Stargate  
  28  4:41  Void Ray (Chrono Boost)  
  28  4:45  Void Ray (Chrono Boost)  
  32  5:05  Pylon  
  36  5:23  Void Ray (Chrono Boost)  
  36  5:25  Probe  
  37  5:35  Probe  
  42  5:44  Void Ray (Chrono Boost)  
  42  5:52  Probe  
  43  6:03  Probe  
  47  6:09  Void Ray (Chrono Boost)  
  48  6:13  Probe  
  49  6:32  Void Ray (Chrono Boost)  
  57  6:37  Void Ray (Chrono Boost)  
  57  6:42  Pylon  
  57  6:56  Pylon  
  57  7:15  Probe  
  58  7:25  Probe  
  59  7:36  Probe  
  60  7:45  Void Ray (Chrono Boost)  
  60  7:46  Probe  
  60  7:50  Void Ray x2 (Chrono Boost)  
  73  7:57  Probe  
  74  8:13  Pylon  
  74  8:16  Protoss Air Weapons Level 1  
  74  9:01  Fleet Beacon  
  74  9:26  Void Ray (Chrono Boost)  
  86  9:31  Void Ray (Chrono Boost)  
  86  9:32  Void Ray (Chrono Boost)  
  86  10:10  Protoss Air Armor Level 1  
  86  10:34  Pylon  
  86  10:43  Pylon  
  86  10:53  Tempest (Chrono Boost)  
  98  11:05  Tempest (Chrono Boost)  
  98  11:55  Pylon  
  98  12:04  Protoss Air Weapons Level 2  
  104  12:19  Tempest (Chrono Boost)  
  44  13:14  Void Ray (Chrono Boost)  
  48  13:21  Void Ray (Chrono Boost)  
  56  13:27  Void Ray (Chrono Boost)  
  56  13:51  Void Ray (Chrono Boost)  
  60  13:59  Void Ray (Chrono Boost)  
  68  14:10  Void Ray (Chrono Boost)  
  68  14:28  Void Ray (Chrono Boost)  
  68  14:29  Pylon  
  72  14:39  Pylon  
  72  14:50  Void Ray (Chrono Boost)  
  80  14:56  Void Ray (Chrono Boost)  
  80  15:06  Void Ray (Chrono Boost)  
  84  15:19  Protoss Air Weapons Level 3  
  84  15:27  Void Ray (Chrono Boost)  
  92  15:39  Void Ray (Chrono Boost)  
  96  15:43  Void Ray (Chrono Boost)  
  96  16:42  Tempest (Chrono Boost)  
  96  16:43  Tempest (Chrono Boost)  
  114  16:48  Tempest (Chrono Boost)  
  114  17:20  Tempest x2 (Chrono Boost)  
  126  17:55  Protoss Air Armor Level 2  
  126  17:57  Pylon  
  126  18:05  Pylon  
  132  18:21  Tempest (Chrono Boost)  
  132  19:06  Tempest (Chrono Boost)  
  138  19:19  Pylon  
  138  19:21  Pylon  
  138  19:30  Pylon  
  138  19:38  Tempest (Chrono Boost)  
  150  19:43  Tempest (Chrono Boost)  
Tags
 
Add a new tag
Caveats
  • Supply blocks, unpowered buildings, or Contaminate may cause inaccurate times.
  • Supply counts are checked every 10 seconds.